 Dungeon Crawl Stone Soup version 0.26-a0-597-gb535b09 (webtiles) character file.

Game seed: 5336915412263278766

4888 pkoi the Carver (level 10, -2/88 HPs)
             Began as a Minotaur Gladiator on Aug 27, 2020.
             Was an Elder of Okawaru.
             Slain by Erica
             ... wielding a +0 scimitar of flaming
              (4 damage)
             ... on level 9 of the Dungeon.
             The game lasted 00:08:57 (10031 turns).

pkoi the Carver (Minotaur Gladiator)               Turns: 10031, Time: 00:08:57

Health: -2/88      AC:  7    Str: 21    XL:     10   Next: 26%
Magic:  0/11       EV: 16    Int:  5    God:    Okawaru [****..]
Gold:   598        SH:  0    Dex: 13    Spells: 9/9 levels left

rFire    . . .     SeeInvis .   i - +1 dagger (venom)
rCold    . . .     Faith    .   (no shield)
rNeg     . . .     Spirit   +   b - +0 leather armour
rPois    .         Reflect  .   w - +2 hat
rElec    .         Harm     .   (no cloak)
rCorr    +                      (no gloves)
MR       .....                  u - +0 pair of boots
Stlth    +.........             F - amulet of guardian spirit
HPRegen  0.24/turn              x - ring of resist corrosion
MPRegen  0.12/turn              (no ring)

@: about to teleport, slowed, very slow
A: retaliatory headbutt, horns 2
a: Heroism, Renounce Religion


You were on level 9 of the Dungeon.
You worshipped Okawaru.
Okawaru was greatly pleased with you.
You visited 2 branches of the dungeon, and saw 10 of its levels.

You collected 598 gold pieces.

Inventory:

Hand Weapons
 a - a +1 long sword
 i - a +1 dagger of venom (weapon)
Missiles
 d - 4 throwing nets
 p - 6 boomerangs
 t - 14 poisoned darts (quivered)
Armour
 b - a +0 leather armour (worn)
 c - a +0 hat
 u - a +0 pair of boots (worn)
 w - a +2 hat (worn)
Jewellery
 x - a ring of resist corrosion (left hand)
 F - an amulet of guardian spirit (around neck)
Wands
 s - a wand of acid (12)
 v - a wand of paralysis (9)
 z - a wand of iceblast (17)
 E - a wand of enslavement (8)
Scrolls
 g - 2 scrolls of magic mapping
 k - 8 scrolls of remove curse
 l - 5 scrolls of identify
 n - a scroll of amnesia
 y - a scroll of teleportation
 A - a scroll of fear {unknown}
 C - a scroll of random uselessness {unknown}
 G - a scroll of fog {unknown}
Potions
 e - a potion of haste
 f - 3 potions of curing
 h - 2 potions of flight
 j - 3 potions of resistance
 m - 5 potions of stabbing
 o - a potion of lignification
 r - 3 potions of might
 B - a potion of magic {unknown}
 D - a potion of mutation {unknown}


   Skills:
 + Level 8.0 Fighting
 + Level 10.0 Long Blades
 + Level 6.7 Throwing
 + Level 7.4 Armour
 + Level 7.6 Dodging
 + Level 2.7 Invocations


You had 9 spell levels left.
You didn't know any spells.
Your spell library contained the following spells:

 Spells                   Type           Power        Failure   Level
 Shock                    Conj/Air       #...         52%         1
 Swiftness                Air            #.......     67%         2
 Static Discharge         Conj/Air       #.......     88%         3
 Airstrike                Air            #.........   99%         4
 Lightning Bolt           Conj/Air       #.........   100%        5


Dungeon Overview and Level Annotations

Branches:
Dungeon (9/15)             Temple (1/1) D:5            Lair (0/6) D:8
    Orc: D:9-12

Altars:
Ashenzari
Cheibriados
Dithmenos
Elyvilon
Fedhas
Gozag
Hepliaklqana
Kikubaaqudgha
Makhleb
Nemelex Xobeh
Okawaru
Qazlal
Ru
Sif Muna
Trog
Uskayaw
Vehumet
Wu Jian
Xom
Yredelemnul
Zin
The Shining One

Shops:
D:6 [

Annotations:
D:9 Erica


Innate Abilities, Weirdness & Mutations

You reflexively headbutt those who attack you in melee.
You have a pair of horns on your head.


Message History

* * * LOW HITPOINT WARNING * * *
Something burns you.
* * * LOW HITPOINT WARNING * * *
You miss something. Your headbutt misses something.
You hear some strange, mumbled words.
A lance of force appears from out of thin air!
The lance of force hits you!!
* * * LOW HITPOINT WARNING * * *
You are knocked back by the lance of force.
You slam into the rock wall!
* * * LOW HITPOINT WARNING * * *
You feel better. Something hits you!
* * * LOW HITPOINT WARNING * * *
Something burns you.
* * * LOW HITPOINT WARNING * * *
As you read the scroll of teleportation, it crumbles to dust.
You feel strangely unstable. Something hits you!
* * * LOW HITPOINT WARNING * * *
Something burns you.
You die...

..... ...........................
..###.#..........##########......
>..............#.# #.#####
#<###.###.####.#.# #.# # ###
#.####...# #.# #. ......#
#...###..# #.# #. #######
#...'....# #+# #. ...# #...#....#
#. ##.# #...#...@# #. ##.#
#.#.#..{.# ## ##.######.#.#....##
##....†...#.#.....######
###########.#..........# .
........#..........# #.# ##
.#########.........# #.#
#.........# #.# #.........# #Y#
##


There were no monsters in sight!

Vanquished Creatures
  A two-headed ogre (D:7)
  2 hippogriffs
  8 yaks (D:9)
  A water moccasin (D:6)
  3 ice beasts
  2 black bears
  An eye of draining (D:8)
  A phantom (D:8)
  A necrophage (D:7)
  2 ogres
  A centaur (D:7)
  A gnoll sergeant (D:9)
  4 bullfrogs
  A wyvern zombie (D:8)
  3 scorpions
  A howler monkey (D:7)
  A bullfrog zombie (D:9)
  4 centaur zombies
  A quasit (D:6)
  6 jellies
  2 hounds (D:7)
  2 orc wizards
  3 orc priests (D:4)
  A bullfrog skeleton (D:5)
  An iguana (D:7)
  3 worker ants
  A killer bee zombie (D:8)
  2 hound zombies
  11 gnolls
  14 adders
  3 shadow imps (D:5)
  2 white imps
  An adder skeleton (D:4)
  3 dart slugs
  4 leopard geckos
  25 orcs
  A ball python (D:4)
  3 giant cockroaches
  7 goblins
  9 hobgoblins
  2 jackals (D:3)
  3 kobolds
  4 quokkas
  6 bats
  4 frilled lizards
  A leopard gecko zombie (D:6)
  2 quokka skeletons (D:4)
  13 rats
178 creatures vanquished.

Vanquished Creatures (others)
  A fungus (D:8)
  3 plants (D:8)
4 creatures vanquished.

Grand Total: 182 creatures vanquished

Notes
Turn   | Place    | Note
-------+----------+-------------------------------------------
     0 | D:1      | pkoi the Minotaur Gladiator began the quest for the Orb.
     0 | D:1      | Reached XP level 1. HP: 18/18 MP: 0/0
    83 | D:1      | Reached skill level 4 in Long Blades
   284 | D:1      | Reached XP level 2. HP: 21/25 MP: 1/1
   820 | D:2      | Reached skill level 5 in Long Blades
   874 | D:2      | Reached XP level 3. HP: 30/30 MP: 2/2
  1742 | D:3      | Reached skill level 6 in Long Blades
  1742 | D:3      | Reached XP level 4. HP: 20/37 MP: 3/3
  2978 | D:3      | Reached XP level 5. HP: 42/42 MP: 4/4
  3000 | D:4      | Reached skill level 1 in Armour
  3096 | D:4      | Reached XP level 6. HP: 41/51 MP: 5/5
  3104 | D:4      | Reached skill level 7 in Long Blades
  3982 | D:5      | Entered Level 5 of the Dungeon
  4338 | D:5      | Found a staircase to the Ecumenical Temple.
  4355 | Temple   | Entered the Ecumenical Temple
  4472 | Temple   | Became a worshipper of Warmaster Okawaru
  4616 | D:5      | Noticed an ice beast
  4625 | D:5      | Killed an ice beast
  4625 | D:5      | Reached XP level 7. HP: 41/59 MP: 6/6
  5332 | D:5      | Found a glowing golden altar of the Shining One.
  5468 | D:5      | Reached * piety under Okawaru
  5468 | D:5      | Reached skill level 5 in Dodging
  5928 | D:6      | Reached skill level 5 in Fighting
  5928 | D:6      | Reached skill level 8 in Long Blades
  5928 | D:6      | Reached XP level 8. HP: 53/68 MP: 7/7
  6323 | D:6      | Found Kenomyc's Armour Boutique.
  6911 | D:7      | Reached ** piety under Okawaru
  7256 | D:7      | Reached skill level 5 in Armour
  7546 | D:7      | Noticed a two-headed ogre
  7597 | D:7      | Killed a two-headed ogre
  7597 | D:7      | Reached skill level 9 in Long Blades
  7597 | D:7      | Reached skill level 5 in Throwing
  7597 | D:7      | Reached XP level 9. HP: 60/77 MP: 8/8
  8241 | D:8      | Found a sacrificial altar of Ru.
  8244 | D:8      | Found a shimmering altar of Xom.
  8244 | D:8      | Found a radiant altar of Vehumet.
  8245 | D:8      | Found a shadowy altar of Dithmenos.
  8246 | D:8      | Found an opulent altar of Gozag.
  8356 | D:8      | Found a staircase to the Lair.
  8584 | D:8      | Reached skill level 1 in Invocations
  8813 | D:9      | Reached *** piety under Okawaru
  9173 | D:9      | Reached XP level 10. HP: 65/87 MP: 6/10
  9432 | D:9      | Reached **** piety under Okawaru
  9476 | D:9      | Reached skill level 10 in Long Blades
  9709 | D:9      | Noticed a two-headed ogre
  9712 | D:9      | Paralysed by a hornet for 3 turns
  9996 | D:9      | Noticed Erica
 10003 | D:9      | Paralysed by Erica for 5 turns
 10017 | D:9      | Paralysed by something for 7 turns
 10031 | D:9      | HP: 2/88 [something (8)]
 10031 | D:9      | Slain by Erica

Illustrated notes

Levels and vault maps discovered:
D:1:      dpeg_arrival_prison, layout_loops_ring
D:2:      layout_basic
D:3:      layout_basic
D:4:      layout_gridville
D:5:      layout_layer_cave, lemuel_round_altar, minmay_temple_entry_large_hall,
          st_stairs_1
D:6:      layout_rooms, serial_shops, shop
D:7:      layout_basic
D:8:      layout_rooms, grunt_temple_overflow_open, dpeg_oklobed_lair
D:9:      layout_basic, minmay_between, uniq_erica
Temple:   nicolae_temple_x_marks_the_god

Skill      XL: |  1  2  3  4  5  6  7  8  9 10 |
---------------+-------------------------------+-----
Long Blades    | 4 5 6 7 8 9 10 | 10.0
Armour         | 1 2 4 5 7 |  7.4
Fighting       | 3 4 5 6 7 8 |  8.0
Dodging        | 4 5 6 7 |  7.6
Throwing       | 3 4 5 6 |  6.7
Invocations    | 2 |  2.7

Action                   |  1- 3 |  4- 6 |  7- 9 | 10-12 || total
-------------------------+-------+-------+-------+-------++-------
Melee: Long sword        |    72 |    47 |   195 |    39 ||   353
       Headbutt          |     9 |    37 |    46 |    20 ||   112
       Dagger            |       |    80 |    17 |    16 ||   113
Throw: Dart              |       |       |     5 |     2 ||     7
  Use: Scroll            |     7 |       |     4 |     3 ||    14
       Potion            |       |     2 |     1 |     2 ||     5
 Stab: Sleeping          |       |     1 |       |     1 ||     2
Armor: Leather armour    |    16 |    17 |    62 |    14 ||   109
Dodge: Dodged            |    47 |    72 |   142 |    32 ||   293
       Rpst.: Long sword |    10 |     5 |    34 |     7 ||    56

Table legend: (Time is in decaauts)
 A = Elapsed time spent in this place.
 B = Non-inter-level travel time spent in this place.
 C = Inter-level travel time spent in this place.
 D = Time resting spent in this place.
 E = Time spent auto-exploring this place.
 F = Levels seen in this place.
 G = Mean time per level.
                   A        B        C        D        E       F      G
               +--------+--------+--------+--------+--------+-----+--------+
         Total |  10016 |   9646 |    370 |   2352 |   6032 |  10 | 1001.6 |
       Dungeon |   9892 |   9522 |    370 |   2352 |   5928 |   9 | 1099.1 |
        Temple |    123 |    123 |      0 |      0 |    104 |   1 |  123.0 |
               +--------+--------+--------+--------+--------+-----+--------+

Top non-repeatable levels by time:
     D:3: 1710 daAuts
     D:5: 1479 daAuts
     D:9: 1367 daAuts
     D:7: 1344 daAuts
     D:4: 971 daAuts
     D:2: 801 daAuts
     D:1: 785 daAuts
     D:6: 777 daAuts
     D:8: 654 daAuts
  Temple: 123 daAuts
